 Dungeon Crawl Stone Soup version 0.31-a0-986-g5e6e4ef867 (webtiles) character file.

Game seed: 5200550829900917827

443 timneilson the Ruffian (level 7, -6/46 HPs)
             Began as an Octopode Shapeshifter on Nov 15, 2023.
             Mangled by an ice beast (10 damage)
             ... on level 5 of the Dungeon.
             The game lasted 00:07:30 (2859 turns).

timneilson the Ruffian (Octopode Shapeshifter)      Turns: 2859, Time: 00:07:31

Health: -6/46      AC:  1    Str: 16    XL:     7   Next: 2%
Magic:  9/9        EV: 13    Int: 12    God:
Gold:   187        SH:  0    Dex: 11    Spells: 9/9 levels left

rFire   . .          .
                       - Unarmed
rCold   . . .        (no shield)
rNeg    . . .        (helmet currently unavailable)
rPois   .            f - amulet of regeneration
rElec   .            (no ring)
rCorr   .            (no ring)
SInv    .            (no ring)
Will    .....        (no ring)
Stlth   +++          (no ring)
HPRegen 1.07/turn    (no ring)
MPRegen 0.11/turn    (no ring)
                     (no ring)

%: no passive effects
@: beast-form
A: beast (slay +2), almost no armour, amphibious, 8 rings, camouflage 1,
gelatinous body 1, (nimble swimmer 1), tentacles
a: Begin Untransformation


You were on level 5 of the Dungeon.
You were a hulking beast.
You visited 2 branches of the dungeon, and saw 6 of its levels.

You collected 187 gold pieces.

Inventory:

Missiles
 g - a throwing net
Jewellery
 f - an amulet of regeneration (around mantle)
Talismans
 b - a beast talisman
 c - a flux talisman
Wands
 e - a wand of roots (6)
 h - a wand of flame (16)
Scrolls
 k - a scroll of teleportation
Potions
 a - a potion of lignification
 i - 4 potions of curing
 j - 2 potions of cancellation
 l - a potion of might {unknown}


   Skills:
 * Level 3.0 Fighting
 * Level 3.5 Dodging
 + Level 2.8 Stealth
 * Level 4.2 Unarmed Combat
 + Level 1.5 Spellcasting
 + Level 1.5 Evocations
 * Level 4.0 Shapeshifting


You had 9 spell levels left.
You didn't know any spells.
Your spell library contained the following spells:

 Spells                   Type           Power      Damage    Failure   Level
 Apportation              Tloc           0%         N/A       28%         1
 Sting                    Tmut/Pois      0%         1d3       28%         1
 Jinxbite                 Hex            0%         N/A       41%         2
 Poisonous Vapours        Pois/Air       0%         N/A       41%         2
 Olgreb's Toxic Radiance  Pois           0%         N/A       96%         4
 Alistair's Intoxication  Tmut/Pois      0%         N/A       100%        5


Dungeon Overview and Level Annotations

Branches:
Dungeon (5/15)             Temple (1/1) D:4

Altars:
Ashenzari
Cheibriados
Dithmenos
Elyvilon
Hepliaklqana
Kikubaaqudgha
Makhleb
Nemelex Xobeh
Okawaru
Qazlal
Ru
Trog
Uskayaw
Vehumet
Wu Jian
Xom
Zin
The Shining One

Shops:
D:3 =


Innate Abilities, Weirdness & Mutations

You are a hulking beast.
Your limbs bulge with bestial killing power. (Slay +2)
You cannot wear most types of armour.
You are amphibious.
You can wear up to eight rings at the same time.
Your skin changes colour to match your surroundings (Stealth+).
Your rubbery body absorbs attacks. (AC +1, EV +1)
((You are camouflaged when in or above water. (Stealth+)))
You have tentacles for arms and can constrict up to eight enemies at once.


Message History

You see here a +0 war axe.
Found a stone staircase leading down.
You see here 3 poisoned darts.
There is an escape hatch in the floor here.
You see here a +0 war axe.
There is a stone staircase leading down here.
Done exploring.
Done exploring.
The air fills with toxic fumes!
As you read the scroll labelled JAIR QUTZOSE, it crumbles to dust.
It was a scroll of poison.
You start waiting.
Done waiting.
There is a stone staircase leading down here.
You climb downwards.
Found 5 curare-tipped darts and 31 gold pieces.
Found a stone staircase leading down.
There is a stone staircase leading up here.
The helpless ice beast fails to defend itself.
You bludgeon the ice beast! Your squeeze misses the ice beast.
The ice beast is moderately wounded.
The ice beast hits you. The ice beast freezes you!
You tentacle-slap the ice beast.
The ice beast is heavily wounded.
You closely miss the ice beast.
The ice beast is heavily wounded.
The ice beast hits you. The ice beast freezes you!
You completely miss the ice beast.
The ice beast is heavily wounded.
The ice beast hits you. The ice beast freezes you!
You tentacle-slap the ice beast. You squeeze the ice beast.
The ice beast is almost dead.
The ice beast hits you. The ice beast freezes you!
* * * LOW HITPOINT WARNING * * *
You completely miss the ice beast.
The ice beast is almost dead.
The ice beast hits you.
* * * LOW HITPOINT WARNING * * *
The ice beast freezes you!
You die...

# #.....#
......>#
.#.....###
$....... . #
#.....###.
...#.#.........
...........(...
......Yh.......
...#...........
..$............
#....#..#..###.
#..#.#......#
#. # #........
. .... ..##.
#..#...#


You could see an ice beast.

Vanquished Creatures
  3 ogres (D:4)
  A jelly (D:3)
  2 orc wizards
  6 adders
  A worm (D:3)
  A dart slug (D:3)
  5 orcs
  4 endoplasms
  4 giant cockroaches
  5 goblins
  5 hobgoblins
  7 kobolds
  4 ball pythons
  3 bats
  A frilled lizard (D:1)
  9 rats
61 creatures vanquished.

Notes
Turn   | Place    | Note
-------+----------+-------------------------------------------
     0 | D:1      | timneilson the Octopode Shapeshifter began the quest for
                  | the Orb.
     0 | D:1      | Reached XP level 1. HP: 13/13 MP: 1/1
   110 | D:1      | Reached XP level 2. HP: 18/18 MP: 2/2
   562 | D:2      | Found a faded altar of an unknown god.
   780 | D:2      | Reached skill level 1 in Stealth
   780 | D:2      | Reached XP level 3. HP: 22/23 MP: 3/3
  1258 | D:3      | Reached XP level 4. HP: 29/29 MP: 5/5
  1576 | D:3      | Found Sippeol's Jewellery Shoppe.
  1683 | D:3      | Reached skill level 1 in Spellcasting
  1683 | D:3      | Reached XP level 5. HP: 13/34 MP: 6/6
  2078 | D:4      | Found a staircase to the Ecumenical Temple.
  2088 | Temple   | Entered the Ecumenical Temple
  2106 | D:4      | Noticed an ogre
  2118 | D:4      | Noticed an ogre
  2351 | D:4      | Killed an ogre
  2352 | D:4      | Reached skill level 1 in Evocations
  2352 | D:4      | Reached XP level 6. HP: 26/41 MP: 7/7
  2516 | D:4      | Reached XP level 7. HP: 22/46 MP: 9/9
  2853 | D:5      | Entered Level 5 of the Dungeon
  2859 | D:5      | Mangled by an ice beast

Illustrated notes

Levels and vault maps discovered:
D:1:      giann_horns, layout_basic
D:2:      layout_loops_ring, hellmonk_ecumenical_altar_pennies_from_heaven
D:3:      layout_loops_corners, serial_shops, shop
D:4:      layout_loops_ring, minmay_temple_entry_mist
D:5:      layout_basic
Temple:   regret_index_temple_chain_breaker

Skill      XL: |  1  2  3  4  5  6 |
---------------+-------------------+-----
Stealth        | 1 2 |  2.8
Fighting       | 2 3 |  3.0
Spellcasting   | 1 |  1.5
Dodging        | 3 |  3.5
Unarmed Combat | 4 |  4.2
Evocations     | 1 |  1.5
Shapeshifting  | 4 |  4.0

Action                     |  1- 3 |  4- 6 |  7- 9 || total
---------------------------+-------+-------+-------++-------
  Melee: Unarmed           |    58 |    68 |     7 ||   133
         Constrict         |    16 |    12 |       ||    28
         Tentacles         |     6 |    10 |     1 ||    17
         Punch             |     2 |     2 |       ||     4
    Use: Scroll            |     3 |     4 |     2 ||     9
         Potion            |       |     1 |       ||     1
   Stab: Sleeping          |     7 |     4 |     2 ||    13
 Armour: Skin              |    11 |    29 |     5 ||    45
  Dodge: Dodged            |    31 |    18 |       ||    49

Table legend: (Time is in decaauts)
 A = Elapsed time spent in this place.
 B = Non-inter-level travel time spent in this place.
 C = Inter-level travel time spent in this place.
 D = Time resting spent in this place.
 E = Time spent auto-exploring this place.
 F = Levels seen in this place.
 G = Mean time per level.
                   A        B        C        D        E       F      G
               +--------+--------+--------+--------+--------+-----+--------+
         Total |   2832 |   2773 |     59 |    120 |   1813 |   6 |  472.0 |
       Dungeon |   2830 |   2771 |     59 |    120 |   1813 |   5 |  566.0 |
        Temple |      1 |      1 |      0 |      0 |      0 |   1 |    1.0 |
               +--------+--------+--------+--------+--------+-----+--------+

Top non-repeatable levels by time:
     D:3: 932 daAuts
     D:4: 734 daAuts
     D:2: 602 daAuts
     D:1: 556 daAuts
     D:5: 5 daAuts
  Temple: 1 daAuts
